 Dungeon Crawl Stone Soup version 0.23.1 (webtiles) character file.

Game seed: 11351614096674138617

248 myga the Ducker (level 6, 0/39 HPs)
             Began as a Kobold Monk on Mar 17, 2019.
             Was a Believer of Elyvilon.
             Killed by divine providence
             ... invoked by an orc priest
              (14 damage)
             ... on level 4 of the Dungeon.
             The game lasted 00:24:36 (3308 turns).

myga the Ducker (Kobold Monk)                       Turns: 3308, Time: 00:24:37

Health: 0/39       AC:  5    Str: 10    XL:     6   Next: 34%
Magic:  6/6        EV: 21    Int: 11    God:    Elyvilon [**....]
Gold:   180        SH:  0    Dex: 18    Spells: 5/5 levels left

rFire    . . .     SeeInvis .   m - +0 short sword (speed)
rCold    . . .     Gourm    .   (shield restricted)
rNeg     . . .     Faith    +   b - +0 robe
rPois    .         Spirit   .   (no helmet)
rElec    .         Reflect  .   (no cloak)
rCorr    .         Harm     .   (no gloves)
MR       .....                  (no boots)
Stlth    +++.......             t - amulet of faith
HPRegen  0.13/turn              d - +3 ring of protection
MPRegen  0.10/turn              E - +4 ring of evasion

@: no status effects
A: small, carnivore
a: Lesser Healing, Heal Other, Divine Protection, Renounce Religion


You were on level 4 of the Dungeon.
You worshipped Elyvilon.
Elyvilon was pleased with you.
You were completely stuffed.

You visited 1 branch of the dungeon, and saw 4 of its levels.

You collected 180 gold pieces.

Inventory:

Hand Weapons
 g - a +0 short sword
 m - a +0 short sword of speed (weapon)
Missiles
 e - 225 stones (quivered)
Armour
 b - a +0 robe (worn)
Jewellery
 a - an uncursed amulet of the gourmand {unknown}
 d - a +3 ring of protection (left hand)
 f - an uncursed ring of resist corrosion
 t - an amulet of faith (around neck)
 E - a +4 ring of evasion (right hand)
Scrolls
 h - 3 scrolls of teleportation {unknown}
 j - a scroll of fear {unknown}
 l - 3 scrolls of noise {unknown}
 n - 2 scrolls of enchant armour {unknown}
 p - 7 scrolls of remove curse
 r - a scroll of amnesia {unknown}
 z - a scroll of enchant weapon {unknown}
 D - a scroll of magic mapping {unknown}
Potions
 i - a potion of resistance {unknown}
 k - 2 potions of ambrosia
 o - a potion of curing
 s - a potion of mutation {unknown}
 u - a potion of cancellation {unknown}
 A - a potion of magic
 B - 2 potions of heal wounds {unknown}
Comestibles
 c - 8 rations
 C - 8 chunks of flesh


   Skills:
 + Level 4.3 Fighting
 + Level 4.3(5.2) Short Blades
   Level 2.6(3.2) Long Blades
 + Level 1.5 Throwing
 + Level 0.4 Armour
 + Level 4.5 Dodging
 + Level 4.1 Stealth


You had 5 spell levels left.
You didn't know any spells.
Your spell library was empty.

Dungeon Overview and Level Annotations

Branches:
Dungeon (4/15)
 Temple: D:4-7

Altars:
Elyvilon

Annotations:
D:2 Jessica


Innate Abilities, Weirdness & Mutations

You are small and have problems with some larger weapons.
You are carnivorous and can eat meat at any time.


Message History

* * * LOW HITPOINT WARNING * * *
You closely miss the orc.
The orc is severely wounded.
You hit the orc.
You kill the orc!
The orc priest mumbles some strange prayers to Beogh against you.
Pain shoots through your body!
* * * LOW HITPOINT WARNING * * *
Okay, then.
You are healed.
You feel somewhat less full.
You closely miss the orc priest. The orc closely misses you.
You closely miss the orc priest. The orc priest closely misses you.
You closely miss the orc priest.
The orc priest looks satisfied for a moment.
The orc completely misses you.
You hit the orc priest but do no damage.
You hit the orc priest but do no damage.
The orc priest mumbles some strange prayers to Beogh against you.
Beogh smites you!
You die...

#......^.......#..........
#
####+###.###..###.##..##.#
#.###..###.###..###.##..#
#
..........÷..#...>....÷.#
.............#......<...#
.............#..........#
.............#..........#
##.###..##..#######...###
#..##.@##...##...#
.....#..o.....#...#
.......+........#...#
#..##########o..##...#
.######..##..##o..##...#
..............#....#...
..............)....#
###.####'######.#### #
##.###..######.# ##...


You could see an orc priest and 2 orcs.

Vanquished Creatures
  A hound (D:4)
  An iguana (D:4)
  A howler monkey zombie (D:3)
  4 gnolls
  6 adders
  An adder skeleton (D:4)
  3 leopard geckos
  10 orcs
  4 ball pythons
  8 bats
  2 giant cockroaches
  6 goblins
  8 hobgoblins
  4 jackals (D:4)
  9 kobolds
  5 frilled lizards
  5 rats
78 creatures vanquished.

Notes
Turn   | Place    | Note
-------+----------+-------------------------------------------
     0 | D:1      | myga the Kobold Monk began the quest for the Orb.
     0 | D:1      | Reached XP level 1. HP: 14/14 MP: 1/1
   155 | D:1      | Reached XP level 2. HP: 12/19 MP: 2/2
   459 | D:1      | Reached XP level 3. HP: 24/24 MP: 3/3
  1082 | D:2      | Reached skill level 1 in Short Blades
  1156 | D:2      | Noticed Jessica
  1369 | D:3      | Reached XP level 4. HP: 18/29 MP: 4/4
  1648 | D:2      | Reached skill level 1 in Throwing
  1948 | D:2      | Found a white marble altar of Elyvilon.
  2028 | D:2      | Became a worshipper of Elyvilon the Healer
  2028 | D:2      | Reached * piety under Elyvilon
  2028 | D:2      | Reached ** piety under Elyvilon
  2120 | D:2      | Reached XP level 5. HP: 9/33 MP: 5/5
  2960 | D:4      | Reached XP level 6. HP: 38/38 MP: 6/6
  3308 | D:4      | Killed from afar by an orc priest

Skill      XL: |  1  2  3  4  5  6 |
---------------+-------------------+-----
Stealth        | 3 4 |  4.1
Dodging        | 4 |  4.5
Short Blades   | 1 2 3 4 |  4.3
Fighting       | 4 |  4.3
Throwing       | 1 |  1.5
Long Blades    | |  2.6
Armour         | |  0.4

Action                   |  1- 3 |  4- 6 || total
-------------------------+-------+-------++-------
Melee: Falchion          |    18 |       ||    18
       Whip              |    11 |       ||    11
       Short sword       |    64 |   282 ||   346
Throw: Stone             |    51 |    33 ||    84
Invok: Lesser Healing    |       |     1 ||     1
  Use: Scroll            |     4 |     2 ||     6
       Potion            |     1 |       ||     1
 Stab: Sleeping          |     3 |     3 ||     6
  Eat: Chunk             |    10 |     6 ||    16
Armor: Robe              |    11 |    30 ||    41
       Ring mail         |     2 |       ||     2
Dodge: Dodged            |    62 |   135 ||   197
       Rpst.: Falchion   |     2 |       ||     2
